AoeStats
← somohano89

Socotra

505807165Analyzed
4v4 RM · 21d ago on Sep 11, 2026· 30m 57s· 8 players
Game mode
Random Map
Map size
148×148
Population
200
Speed
Normal
Resources
Standard
Victory
Conquest
Starting age
Dark Age
Ending age
Imperial Age
RankedLock teamsTeams togetherTeam positionsShared explorationLock speedFull tech treeHidden civsTurbo modeCheats
Victory
Defeat
🇦🇷 Ethiopians · Argentina
1218
+13
🇦🇷 Mongols · Argentina
1204
+14
🇦🇷 Saracens · Argentina
1173
+15
🇲🇽 Muisca · Mexico
1171
+15
🇲🇽 Ethiopians · Mexico
1247
-17
🇺🇸 Khitans · United States
1216
-17
🇵🇪 Slavs · Peru
1096
-12
🇲🇽 Italians · Mexico
1062
-11
Bk.Casa
7:00 Loom
9:14 Feudal Age
10:13 Double-Bit Axe
12:34 Gold Mining
13:55 Fletching
14:51 Padded Archer Armor
17:03 Horse Collar
24:10 Wheelbarrow
27:08 Castle Age
27:09 Crossbowman
27:45 Bodkin Arrow
27:56 Thumb Ring
29:33 Ballistics
30:13 Hand Cart
30:44 Gold Shaft Mining
30:21 Bow Saw
30:12 Heavy Plow
Queso Ruso
3:55 Loom
10:02 Feudal Age
18:03 Double-Bit Axe
22:12 Castle Age
20:14 Horse Collar
21:02 Bloodlines
22:20 Scale Barding Armor
23:50 Chain Barding Armor
24:27 Forging
28:03 Iron Casting
28:28 Heavy Plow
30:26 Bow Saw
31:06 Stone Mining
31:12 Gold Mining
The Strange
10:15 Feudal Age
10:56 Double-Bit Axe
22:19 Castle Age
21:00 Padded Archer Armor
20:50 Fletching
21:41 Gold Mining
22:25 Crossbowman
24:08 Thumb Ring
27:09 Leather Archer Armor
romore
12:30 Loom
18:28 Feudal Age
18:35 Champi Runner
25:36 Castle Age
26:11 Champi Warrior
RickySuSo
5:17 Loom
6:12 Loom
10:43 Feudal Age
11:32 Double-Bit Axe
20:34 Forging
20:32 Scale Barding Armor
29:23 Castle Age
11++
0:54 Loom
16:32 Feudal Age
18:47 Fletching
19:08 Town Watch
19:52 Double-Bit Axe
24:49 Bloodlines
26:28 Horse Collar
29:59 Castle Age
somohano89
1:04 Loom
11:27 Feudal Age
12:13 Double-Bit Axe
13:44 Town Watch
16:34 Gold Mining
23:27 Fletching
23:38 Padded Archer Armor
29:12 Wheelbarrow
NTM.Barce
5:15 Loom
8:59 Feudal Age
9:47 Double-Bit Axe
16:58 Padded Archer Armor
17:42 Fletching
26:26 Castle Age
Connection lost

Rejoining the realm…

Still unreachable

The connection could not be restored.

Session expired

The server has moved on; the page needs a fresh start.